 Dungeon Crawl Stone Soup version 0.24.0-13-gcf9b319 (webtiles) character file.

Game seed: 9108045354099387776, levelgen mode: deterministic

25788 420StarChild the Grappler (level 12, -4/178 HPs)
             Began as a Troll Berserker on Feb 24, 2020.
             Was a High Priest of Trog.
             Slain by a yak (14 damage)
             ... on level 3 of the Lair of Beasts.
             The game lasted 00:20:57 (11713 turns).

420StarChild the Grappler (Troll Berserker)        Turns: 11713, Time: 00:20:58

Health: -4/178     AC:  9    Str: 42    XL:     12   Next: 92%
Magic:  14/14      EV: 12    Int:  3    God:    Trog [*****.]
Gold:   469        SH: 16    Dex: 13    Spells: 11/11 levels left

rFire    + . .     SeeInvis .     - Unarmed
rCold    . . .     Gourm    +   m - +4 shield "Toer" {rPois}
rNeg     . . .     Faith    .   F - +1 robe of Uriyjos {Str+6}
rPois    +         Spirit   .   (helmet restricted)
rElec    .         Reflect  .   y - +1 cloak
rCorr    .         Harm     .   (gloves unavailable)
MR       .....                  (boots unavailable)
Stlth    ..........             (no amulet)
HPRegen  0.79/turn              h - ring of protection from fire
MPRegen  0.14/turn              K - +3 ring of strength

@: berserking, very quick
A: large, unfitting armour, claws 3, fast metabolism 3, gourmand, regeneration
1, shaggy fur 1, tough skin 3
a: Berserk, Trog's Hand, Brothers in Arms, Renounce Religion


You were on level 3 of the Lair of Beasts.
You worshipped Trog.
Trog was extremely pleased with you.
You were very full.

You visited 2 branches of the dungeon, and saw 14 of its levels.

You collected 637 gold pieces.
You spent 168 gold pieces at shops.

Inventory:

Missiles
 j - 413 stones
 k - 20 boomerangs
 G - 4 large rocks (quivered)
 M - 5 silver javelins
Armour
 m - the +4 shield "Toer" (worn) {rPois}
   (You acquired it on level 1 of the Lair of Beasts)

   It protects you from poison.
 y - a +1 cloak (worn)
 F - the +1 robe of Uriyjos (worn) {Str+6}
   (You found it on level 10 of the Dungeon)

   It affects your strength (+6).
Jewellery
 a - an uncursed ring of flight
 h - a ring of protection from fire (left claw)
 v - an uncursed ring of protection from magic
 J - an uncursed ring of protection from cold
 K - a +3 ring of strength (right claw)
Wands
 p - a wand of iceblast (20)
 u - a wand of digging (5)
 B - a wand of disintegration (13)
 C - a wand of random effects (21)
 H - a wand of paralysis (3)
Scrolls
 e - 9 scrolls of teleportation
 g - 2 scrolls of fear
 n - 3 scrolls of remove curse
 o - a scroll of fog
 q - a scroll of blinking
 t - 4 scrolls of enchant weapon
 A - a scroll of magic mapping
 E - a scroll of identify
 L - a scroll of summoning
Potions
 c - 7 potions of curing
 d - a potion of agility
 f - 2 potions of heal wounds
 i - 3 potions of brilliance
 l - a potion of flight
 r - 2 potions of haste
 s - 2 potions of mutation
 w - 2 potions of resistance
 x - 3 potions of might
 z - a potion of ambrosia
 D - a potion of magic
Miscellaneous
 N - a sack of spiders
Comestibles
 b - 23 rations
 I - 2 chunks of flesh


   Skills:
 + Level 8.0 Fighting
 - Level 8.0 Throwing
 + Level 7.0 Dodging
 + Level 5.3 Shields
 + Level 14.0 Unarmed Combat
 - Level 4.0 Evocations


You had 11 spell levels left.
You didn't know any spells.
Your spell library was empty.

Dungeon Overview and Level Annotations

Branches:
Dungeon (11/15)            Temple (0/1) D:4            Lair (3/6) D:11
 Spider (0/4) Lair:2
  Swamp: Lair:2-4    Shoals: Lair:2-4       Orc: D:9-12

Altars:
Ashenzari
Fedhas
Okawaru
Trog
Yredelemnul
The Shining One

Shops:
D:4 *   D:6 ?   D:9 =

Annotations:
D:8 2 transporters, snackwell's ghost, novice GnCK
Lair:1 exclusions: 2 lava snakes, orange crystal statue and 5 more exclusions


Innate Abilities, Weirdness & Mutations

You are too large for most types of armour.
You have claws for hands.
Your metabolism is lightning-fast.
You like to eat raw meat.
Your natural rate of healing is unusually fast.
You are covered in fur. (AC +1)
You have extremely tough skin. (AC +3)


Message History

The 12-headed hydra bites you.
* * * LOW HITPOINT WARNING * * *
The 12-headed hydra bites you.
* * * LOW HITPOINT WARNING * * *
You block the 12-headed hydra's attack.
The 12-headed hydra closely misses you. x2
The 12-headed hydra barely misses you. The blink frog barely misses you.
The yak gores you.
* * * LOW HITPOINT WARNING * * *
You tear one of the 12-headed hydra's heads off!
The 11-headed hydra grows two more!
You mangle the 13-headed hydra!!
You kill the 13-headed hydra!
Trog accepts your kill.
Training target 5.0 for Shields reached!
Your Shields skill increases to level 5!
You need to enable at least one skill for training.
You eviscerate the blink frog!!!
You kill the blink frog!
Trog accepts your kill. The yak gores you!
You die...

........(...#(##
................
............(...
...........(....
................
.......%........
$........[......
........@†......
........%Y......
................
................
................
.#..............
................
##..............
#..........#...


You could see a yak.

Vanquished Creatures
  A dire elephant (Lair:1)
  Harold (Lair:1)
  2 hydras
  A catoblepas (Lair:1)
  Erica (D:11)
  3 two-headed ogres
  A death yak (Lair:2)
  Urug (Lair:2)
  Nergalle (Lair:3)
  A black mamba (Lair:2)
  2 elephants (Lair:1)
  3 spiny frogs
  A torpor snail (Lair:2)
  A rime drake (Lair:1)
  A komodo dragon (Lair:2)
  2 trolls
  A hornet (D:10)
  9 blink frogs
  8 hippogriffs
  14 yaks
  Eustachio (D:6)
  2 wyverns
  A basilisk (Lair:1)
  2 humans (D:7)
  A hungry ghost (D:10)
  3 water moccasins
  3 porcupines
  5 orc warriors
  2 black bears
  An eye of draining (shapeshifter) (D:9)
  3 ice beasts
  7 ogres
  3 sky beasts
  An eye of draining (D:10)
  10 wolves
  8 centaurs
  4 crocodiles
  9 bullfrogs
  6 scorpions
  5 killer bees
  9 wights
  11 howler monkeys
  A lava snake (Lair:1)
  9 crimson imps
  2 centaur zombies
  4 hounds
  2 jellies (D:5)
  5 orc wizards
  A bullfrog skeleton (D:10)
  4 orc priests
  2 iguanas
  11 worker ants
  A killer bee zombie (D:10)
  A hound skeleton (D:8)
  A howler monkey zombie (D:7)
  9 adders
  8 gnolls
  A shadow imp (D:5)
  An ooze (D:5)
  2 dart slugs (D:3)
  4 leopard geckos
  36 orcs
  13 bats
  5 giant cockroaches
  7 goblins
  5 hobgoblins
  12 jackals
  4 kobolds
  6 quokkas
  A ball python (D:3)
  2 frilled lizards
  2 leopard gecko skeletons (D:4)
  A leopard gecko zombie (D:5)
  A quokka skeleton (D:8)
  9 rats
  A fungus (Lair:1)
  A plant (D:11)
327 creatures vanquished.

Vanquished Creatures (collateral kills)
  2 yaks (D:11)
  A sky beast (D:11)
  2 black bears (D:11)
  A bullfrog (D:11)
  2 killer bees (D:11)
  A fungus (D:11)
  A plant (D:11)
10 creatures vanquished.

Vanquished Creatures (others)
  18 fungi (D:11)
  2 plants (D:11)
  3 toadstools (Lair:1)
23 creatures vanquished.

Grand Total: 360 creatures vanquished

Notes
Turn   | Place    | Note
-------+----------+-------------------------------------------
     0 | D:1      | 420StarChild the Troll Berserker began the quest for the
                  | Orb.
     0 | D:1      | Reached XP level 1. HP: 22/22 MP: 0/0
   274 | D:1      | Reached XP level 2. HP: 29/29 MP: 1/1
   901 | D:2      | Reached skill level 4 in Unarmed Combat
   901 | D:2      | Reached XP level 3. HP: 29/36 MP: 2/2
  1067 | D:2      | Reached skill level 5 in Unarmed Combat
  1067 | D:2      | Reached XP level 4. HP: 36/44 MP: 3/3
  1072 | D:2      | Reached ** piety under Trog
  1667 | D:2      | Reached XP level 5. HP: 47/50 MP: 4/4
  1719 | D:3      | Reached skill level 6 in Unarmed Combat
  1831 | D:3      | Reached *** piety under Trog
  1936 | D:3      | Noticed an orc warrior
  1960 | D:3      | Killed an orc warrior
  1960 | D:3      | Reached skill level 7 in Unarmed Combat
  1960 | D:3      | Reached XP level 6. HP: 33/59 MP: 5/5
  2253 | D:4      | Found Cical's General Store.
  2333 | D:4      | Found a staircase to the Ecumenical Temple.
  2387 | D:4      | Found a basalt altar of Yredelemnul.
  2447 | D:4      | Reached skill level 8 in Unarmed Combat
  2772 | D:4      | Noticed a wyvern
  2779 | D:4      | Reached XP level 7. HP: 66/66 MP: 6/6
  2781 | D:4      | Killed a wyvern
  2814 | D:4      | Reached skill level 9 in Unarmed Combat
  3132 | D:5      | Entered Level 5 of the Dungeon
  3327 | D:5      | Reached XP level 8. HP: 74/74 MP: 7/7
  3328 | D:5      | Reached skill level 10 in Unarmed Combat
  3384 | D:5      | Reached **** piety under Trog
  3480 | D:5      | Found a blossoming altar of Fedhas.
  3920 | D:6      | Reached skill level 11 in Unarmed Combat
  4057 | D:6      | Found Puontou's Magic Scroll Shoppe.
  4065 | D:6      | Bought a scroll of noise for 14 gold pieces
  4065 | D:6      | Bought a scroll of magic mapping for 49 gold pieces
  4065 | D:6      | Bought a scroll of identify for 28 gold pieces
  4065 | D:6      | Bought a scroll of identify for 28 gold pieces
  4065 | D:6      | Bought a scroll of immolation for 49 gold pieces
  4191 | D:6      | Found a bloodstained altar of Trog.
  4252 | D:6      | Noticed Eustachio
  4259 | D:6      | Killed Eustachio
  4494 | D:7      | Found a bloodstained altar of Trog.
  4517 | D:7      | Reached XP level 9. HP: 80/80 MP: 8/8
  4612 | D:7      | Reached skill level 12 in Unarmed Combat
  4721 | D:7      | Reached skill level 1 in Throwing
  4810 | D:7      | Reached skill level 1 in Evocations
  4899 | D:7      | Found an iron altar of Okawaru.
  5190 | D:8      | Noticed a moth of wrath
  5205 | D:8      | Noticed snackwell's ghost (novice GnCK)
  5538 | D:8      | Reached skill level 5 in Fighting
  5834 | D:8      | Reached XP level 10. HP: 94/98 MP: 9/9
  5903 | D:8      | Found a transporter.
  5912 | D:8      | Identified the +0 spear of Honour {antimagic, +Rage Int+5}
  5912 | D:8      | Noticed a tengu warrior
  5915 | D:8      | Found a bloodstained altar of Trog.
  5925 | D:8      | Found a transporter.
  6210 | D:9      | Found a glowing golden altar of the Shining One.
  6278 | D:9      | Found a shattered altar of Ashenzari.
  6375 | D:9      | Reached ***** piety under Trog
  6478 | D:9      | Identified the +2 leather armour of the Hidden Vale {+Blink
                  | +Fly rC-}
  6540 | D:9      | Reached skill level 5 in Dodging
  6698 | D:9      | Found Dyjean's Jewellery Emporium.
  6841 | D:10     | Entered Level 10 of the Dungeon
  7508 | D:10     | Noticed a two-headed ogre
  7512 | D:10     | Killed a two-headed ogre
  7557 | D:10     | Noticed a two-headed ogre
  7568 | D:10     | Killed a two-headed ogre
  7568 | D:10     | Reached XP level 11. HP: 92/109 MP: 5/11
  7688 | D:10     | Paralysed by a hornet for 1 turns
  7821 | D:10     | Reached skill level 13 in Unarmed Combat
  7863 | D:10     | Got a steaming robe
  7874 | D:10     | Identified the +1 robe of Uriyjos {Str+6} (You found it on
                  | level 10 of the Dungeon)
  8373 | D:11     | Found a staircase to the Lair.
  8374 | D:11     | Reached skill level 5 in Throwing
  8375 | D:11     | Received a gift from Trog
  8383 | D:11     | Noticed a two-headed ogre
  8418 | D:11     | Killed a two-headed ogre
  8927 | D:11     | Noticed Erica
  8932 | D:11     | Killed Erica
  9051 | Lair:1   | Entered Level 1 of the Lair of Beasts
  9069 | D:11     | Received a gift from Trog
  9420 | Lair:1   | Reached XP level 12. HP: 118/118 MP: 13/13
  9479 | Lair:1   | Noticed a dire elephant
  9479 | Lair:1   | Noticed a catoblepas
  9499 | Lair:1   | Found a runed translucent door.
  9599 | Lair:1   | Noticed Harold
  9610 | Lair:1   | Killed Harold
  9977 | Lair:1   | Reached skill level 14 in Unarmed Combat
 10198 | Lair:1   | Killed a dire elephant
 10264 | Lair:1   | Killed a catoblepas
 10322 | Lair:1   | Identified a scroll of acquirement
 10324 | Lair:1   | Got a faintly glowing shield
 10330 | Lair:1   | Identified the +4 shield "Toer" {rPois} (You acquired it on
                  | level 1 of the Lair of Beasts)
 10424 | Lair:2   | Noticed Urug
 10438 | Lair:2   | Killed Urug
 10490 | Lair:2   | Reached skill level 1 in Shields
 10954 | Lair:2   | Found a hole to the Spider Nest.
 11122 | Lair:2   | Noticed a five-headed hydra
 11135 | Lair:2   | Killed a five-headed hydra
 11418 | Lair:3   | Noticed Nergalle
 11424 | Lair:3   | Killed Nergalle
 11624 | Lair:3   | Noticed a death yak
 11629 | Lair:3   | Noticed a six-headed hydra
 11639 | Lair:2   | Killed a death yak
 11712 | Lair:3   | Killed a 13-headed hydra
 11712 | Lair:3   | Reached skill level 5 in Shields
 11713 | Lair:3   | Slain by a yak

Levels and vault maps discovered:
D:1:      matt_arrival_debris, layout_basic
D:2:      layout_basic, first_ration, hangedman_abyss_or_decor_stabs
D:3:      layout_rooms, minmay_strange_pillars
D:4:      layout_cave_pods, nicolae_overflow_hidden_temple,
          minmay_temple_entry_statues_pillars, serial_shops, shop
D:5:      layout_loops_ring, basic_altar
D:6:      layout_loops_ring, serial_shops, shop, bloody_trog, uniq_eustachio
D:7:      layout_loops_ring, okawaru_humans, kennysheep_little_box
D:8:      layout_loops_ring, gammafunk_ghost_wrathful_warriors
D:9:      layout_rooms, overflow_temple_1_default, serial_shops, shop,
          ashenzari_altar_1
D:10:     layout_grid_maze
D:11:     layout_rooms, due_lair_maze_entry_diamond, uniq_erica
Lair:1:   gammafunk_lair_enchanted_lake, layout_gridlike, minivault_23,
          disabler_island, uniq_harold
Lair:2:   layout_cave_pods, spider_nest_entry_web_field,
          infiniplex_staircase_pool_2, uniq_urug
Lair:3:   layout_cave_shapes, uniq_nergalle

Skill      XL: |  1  2  3  4  5  6  7  8  9 10 11 12 |
---------------+-------------------------------------+-----
Unarmed Combat | 4 5 7 8 9 11 12 13 14 | 14.0
Throwing       | 2 3 6 8 |  8.0
Evocations     | 1 2 4 |  4.0
Fighting       | 6 7 8 |  8.0
Dodging        | 4 5 6 7 |  7.0
Shields        | 5 |  5.3

Action                   |  1- 3 |  4- 6 |  7- 9 | 10-12 || total
-------------------------+-------+-------+-------+-------++-------
Melee: Unarmed           |    53 |   163 |   264 |   399 ||   879
       Punch             |     1 |     2 |    17 |    33 ||    53
Throw: Boomerang         |       |       |       |     9 ||     9
       Stone             |       |       |       |     1 ||     1
       Large rock        |       |       |       |     8 ||     8
Invok: Berserk           |     1 |     3 |     6 |    17 ||    27
       Trog's Hand       |       |       |     1 |     2 ||     3
       Brothers in Arms  |       |       |       |     1 ||     1
 Abil: Evoke Flight      |       |       |       |     2 ||     2
Evoke: Wand              |       |       |       |     1 ||     1
  Use: Scroll            |     1 |     6 |     7 |    12 ||    26
       Potion            |       |       |     2 |       ||     2
 Stab: Sleeping          |       |       |     2 |       ||     2
  Eat: Chunk             |    15 |    16 |    38 |    73 ||   142
Armor: Animal skin       |    39 |    67 |    81 |    27 ||   214
       Skin              |       |       |    14 |       ||    14
       Robe              |       |       |       |    85 ||    85
Dodge: Dodged            |    35 |    82 |   120 |   248 ||   485
Block: Shield            |       |       |       |    93 ||    93
